AoeStats
← Ndrangheta

Pilgrims

509729969Analyzed
2v2 RM · 5d ago on Sep 27, 2026· 34m 51s· 4 players
Game mode
Random Map
Map size
Medium (4 player)
Population
200
Speed
Normal
Resources
Standard
Victory
Conquest
Starting age
Dark Age
Ending age
Imperial Age
RankedLock teamsTeams togetherTeam positionsShared explorationLock speedFull tech treeHidden civsTurbo modeCheats
Victory
Defeat
🇫🇷 Dravidians · France
1372
+14
🇫🇷 Persians · France
1369
+14
🇦🇷 Vikings · Argentina
1342
-14
🇦🇷 Varangians · Argentina
1319
-14
Caña con ruda
6:58 Loom
9:33 Feudal Age
15:29 Castle Age
13:40 Double-Bit Axe
14:14 Fletching
14:18 Gold Mining
15:57 Pikeman
16:51 Fishing Lines
22:02 Town Watch
23:00 Town Watch
25:28 Bow Saw
25:26 Horse Collar
Ndrangheta
13:22 Feudal Age
14:17 Double-Bit Axe
14:02 Man-at-Arms
15:16 Loom
21:14 Castle Age
19:31 Stone Mining
19:31 Gold Mining
20:56 Forging
20:47 Scale Mail Armor
22:42 Fletching
23:34 Bodkin Arrow
28:02 Medium Warships
Aenör
3:18 Loom
11:07 Feudal Age
12:21 Double-Bit Axe
15:46 Fletching
17:00 Fishing Lines
20:45 Castle Age
20:32 Gold Mining
21:24 Bodkin Arrow
20:55 Crossbowman
22:10 Bow Saw
21:47 Town Watch
22:38 Wheelbarrow
23:07 Medium Warships
24:31 Ballistics
28:00 Careening
28:01 Clinker Construction
31:29 Town Patrol
33:58 Stone Mining
34:58 Hand Cart
34:45 Light Cavalry
35:27 Husbandry
Elessar
4:35 Loom
10:00 Feudal Age
10:31 Town Watch
14:18 Castle Age
14:32 Scale Barding Armor
19:40 Bloodlines
21:03 Fletching
22:29 Double-Bit Axe
25:52 Bodkin Arrow
27:01 Padded Archer Armor
28:58 Parthian Tactics
29:14 Thumb Ring
29:40 Husbandry
31:02 Ballistics
31:48 Wheelbarrow
32:37 Leather Archer Armor
35:08 Forging
Connection lost

Rejoining the realm…

Still unreachable

The connection could not be restored.

Session expired

The server has moved on; the page needs a fresh start.